 Dungeon Crawl Stone Soup version 0.18.1-5-g4a78601 (webtiles) character file.

219 tyrsky the Chopper (level 5, -1/45 HPs)
             Began as a Minotaur Fighter on May 11, 2016.
             Slain by Grinder (3 damage)
             ... while paralysed by Grinder
             ... on level 3 of the Dungeon.
             The game lasted 00:09:45 (2243 turns).

tyrsky the Chopper (Minotaur Fighter)               Turns: 2243, Time: 00:09:46

Health: -1/45      AC:  6    Str: 21    XL:     5   Next: 64%
Magic:  13/13      EV:  2    Int:  5    God:
Gold:   141        SH:  0    Dex: 10    Spells: 0 memorised, 4 levels left

rFire  . . .     SeeInvis .     a - +0 war axe
rCold  . . .     Gourm    .     b - +0 scale mail
rNeg   . . .     Faith    .     (no shield)
rPois  .         Spirit   .     (helmet restricted)
rElec  .         Dismiss  .     (no cloak)
rCorr  .         Reflect  .     (no gloves)
SustAt .         Harm     .     (no boots)
MR     .....                    j - amulet of rage
Stlth  ..........               (no ring)
                                m - ring of magical power

@: paralysed, exhausted, slowed, not resistant to hostile enchantments,
extremely unstealthy
A: retaliatory headbutt, horns 2
a: Evoke Berserk Rage


You were on level 3 of the Dungeon.
You were not hungry.

You visited 1 branch of the dungeon, and saw 3 of its levels.

You collected 141 gold pieces.

Inventory:

Hand Weapons
 a - a +0 war axe (weapon)
Armour
 b - a +0 scale mail (worn)
 c - a +0 shield
Jewellery
 j - an amulet of rage (around neck)
 k - an uncursed ring of ice
 m - a ring of magical power (left hand)
Wands
 p - a wand of polymorph (0/24)
 r - a wand of iceblast (4/15)
Scrolls
 i - 2 scrolls of identify {unknown}
 n - a scroll of blinking {unknown}
 v - a scroll of magic mapping {unknown}
 w - a scroll of enchant weapon {unknown}
Potions
 d - a potion of might
 e - a potion of degeneration {unknown}
 g - a potion of brilliance {unknown}
 h - a potion of resistance {unknown}
 q - a potion of mutation {unknown}
 t - a potion of curing {unknown}
Comestibles
 f - 4 bread rations
 l - 2 meat rations


   Skills:
 - Level 3.6 Fighting
 + Level 7.2 Axes
 - Level 3.6 Armour
 - Level 3.6 Shields


You had 4 spell levels left.
You didn't know any spells.

Dungeon Overview and Level Annotations

Branches:
Dungeon (3/15)

Altars:

Annotations:
D:3 Grinder


Innate Abilities, Weirdness & Mutations

You reflexively headbutt those who attack you in melee.
You have a pair of horns on your head.


Message History

You can move again.
Unknown command.
You are no longer berserk.
You are exhausted.
You feel yourself slow down.
Grinder blinks!
No target in view!
Grinder says, "FISH!"
Grinder gestures at you.
You suddenly lose the ability to move!
Grinder gestures at you. Pain shoots through your body!
* * * LOW HITPOINT WARNING * * *
Grinder hits you.
* * * LOW HITPOINT WARNING * * *
You writhe in agony. x2
Grinder hits you but does no damage. x2
Grinder hits you.
* * * LOW HITPOINT WARNING * * *
You writhe in agony.
You die...

#........#
#########
#####.####
#.# #######
#.# ##
.....#
##### ..#
.. ....####
#....
.#.##.....#
#.###
........#.#
#.# #
#.....#
#.###
#.H#.##
#....
#...5.#.#
#.###
#......##.#
#.#
#########.#
####.###
#...##.#
###.......
#).....#
#.........
#...####
#.#.##..#.
##.##
#.#.##..#.
#..##
#.#.#...#.


You could see Grinder.

Vanquished Creatures
  A scorpion (D:3)
  A hound (D:3)
  Ijyb (D:2)
  A worker ant (D:3)
  2 adders (D:3)
  A worm (D:3)
  3 dart slugs
  5 giant geckos
  A ball python (D:2)
  4 bats
  2 giant cockroaches (D:2)
  8 goblins
  3 hobgoblins
  9 jackals
  A quokka (D:2)
  3 giant newts
  7 kobolds
  5 rats
58 creatures vanquished.

Notes
Turn   | Place    | Note
--------------------------------------------------------------
     0 | D:1      | tyrsky the Minotaur Fighter began the quest for the Orb.
     0 | D:1      | Reached XP level 1. HP: 19/19 MP: 0/0
   174 | D:1      | Reached skill level 3 in Axes
   255 | D:1      | Reached XP level 2. HP: 24/26 MP: 1/1
   632 | D:2      | Reached skill level 4 in Axes
   751 | D:2      | Reached XP level 3. HP: 24/31 MP: 2/2
  1075 | D:2      | Noticed Ijyb
  1088 | D:2      | Killed Ijyb
  1088 | D:2      | Reached skill level 5 in Axes
  1088 | D:2      | Reached XP level 4. HP: 39/39 MP: 3/3
  1184 | D:3      | Reached skill level 6 in Axes
  1346 | D:3      | Reached XP level 5. HP: 22/45 MP: 4/4
  1392 | D:3      | Reached skill level 7 in Axes
  2212 | D:3      | Noticed Grinder
  2233 | D:3      | Paralysed by Grinder for 3 turns
  2239 | D:3      | Paralysed by Grinder for 5 turns
  2243 | D:3      | HP: 2/45 [Grinder (6)]
  2243 | D:3      | Slain by Grinder

Skill      XL: |  1  2  3  4  5 |
---------------+----------------+-----
Axes           | 3 4 5 6 7 |  7.2
Fighting       | |  3.6
Armour         | |  3.6
Shields        | |  3.6

Action                   |  1- 3 |  4- 6 || total
-------------------------+-------+-------++-------
Melee: War axe           |    85 |    68 ||   153
       Headbutt          |    10 |    13 ||    23
       Unarmed           |     4 |     2 ||     6
 Abil: Evoke Berserk Rag |     1 |     1 ||     2
Evoke: Wand              |       |     3 ||     3
  Eat: Chunk             |       |     4 ||     4
       Royal jelly       |       |     1 ||     1
Armor: Scale mail        |    41 |    26 ||    67
Dodge: Dodged            |    48 |    29 ||    77
